 Dungeon Crawl Stone Soup version 0.23.2-1-ga50397a (webtiles) character file.

Game seed: 8739065034837091098

274 d3adstar the Poker (level 6, 0/50 HPs)
             Began as a Centaur Gladiator on May 26, 2019.
             Was an Initiate of Vehumet.
             Slain by a centaur (4 damage)
             ... on level 4 of the Dungeon.
             The game lasted 00:27:49 (2847 turns).

d3adstar the Poker (Centaur Gladiator)              Turns: 2847, Time: 00:27:53

Health: 0/50       AC:  8    Str: 17    XL:     6   Next: 3%
Magic:  6/6        EV:  9    Int:  7    God:    Vehumet [......]
Gold:   229        SH:  0    Dex: 10    Spells: 5/5 levels left

rFire    + . .     SeeInvis .   H - -3 halberd
rCold    . . .     Gourm    +   (shield currently unavailable)
rNeg     . . .     Faith    .   E - +0 ring mail
rPois    .         Spirit   .   c - +0 helmet
rElec    .         Reflect  .   (no cloak)
rCorr    .         Harm     .   (no gloves)
MR       .....                  (no barding)
Stlth    ..........             o - amulet of the gourmand
HPRegen  0.16/turn              v - ring of protection from fire
MPRegen  0.10/turn              (no ring)

@: very quick
A: large, hooves 3, slimy green scales 1, blurry vision 1, deformed body,
deterioration 1, speed 2, tough skin 3, weak 1
a: Renounce Religion


You were on level 4 of the Dungeon.
You worshipped Vehumet.
Vehumet was noncommittal.
You were hungry.

You visited 1 branch of the dungeon, and saw 4 of its levels.

You collected 229 gold pieces.

Inventory:

Hand Weapons
 a - a +1 trident
 g - a +0 whip
 h - a cursed -1 club
 i - a +0 dagger
 j - a +0 club
 p - a +0 dagger
 q - a +0 club
 r - a cursed -2 whip
 t - a +0 club
 u - a +0 dagger
 w - a +0 club
 x - a +0 dagger
 y - a +0 club
 A - a +0 short sword
 B - a +0 battleaxe
 D - a +0 quarterstaff
 G - a +0 whip
 H - a -3 halberd (weapon)
 I - a +0 war axe
 J - a +0 hand axe
 M - a +0 short sword
 N - a +0 short sword
 Q - a +0 dagger
 U - a cursed -2 whip
 W - a +0 giant spiked club
Missiles
 d - 2 throwing nets
 e - 4 javelins
 n - 148 stones
 s - 71 arrows
 C - 2 needles of paralysis
 F - 3 tomahawks (quivered)
 O - 15 poisoned needles
Armour
 b - a +0 leather armour
 c - a +0 helmet (worn)
 k - a +2 pair of boots
 z - a +0 leather armour
 E - a +0 ring mail (worn)
 L - a +0 leather armour
 P - a +0 ring mail
 R - a +0 leather armour
 S - a +0 scale mail
 V - a +0 leather armour
Jewellery
 o - an amulet of the gourmand (around neck)
 v - a ring of protection from fire (left hand)
Wands
 K - a wand of disintegration (17)
Potions
 l - 3 potions of curing
 m - a potion of lignification
 T - a potion of degeneration {unknown}
Comestibles
 f - 6 rations


   Skills:
 + Level 2.8 Fighting
 + Level 4.4 Polearms
 + Level 2.6 Throwing
 + Level 1.3 Armour
 + Level 2.9 Dodging
 * Level 1.0 Stealth


You had 5 spell levels left.
You didn't know any spells.
Your spell library contained the following spells:

 Spells                   Type           Power        Failure   Level  Hunger
 Animate Skeleton         Necr           N/A          65%         1    ##.....
 Apportation              Tloc           #.....       65%         1    ##.....
 Confusing Touch          Hex            #.....       65%         1    ##.....
 Summon Small Mammal      Summ           #...         65%         1    ##.....


Dungeon Overview and Level Annotations

Branches:
Dungeon (4/15)
 Temple: D:4-7

Altars:
Elyvilon
Kikubaaqudgha
Vehumet


Innate Abilities, Weirdness & Mutations

You have hooves in place of feet.
Armour fits poorly on your strangely shaped body.
You cover ground very quickly.
You have extremely tough skin. (AC +3)
You are partially covered in slimy green scales. (AC +2)
Scrolls take you a little longer to read.
Your body sometimes deteriorates upon taking damage.
You are weak. (Str -2)


Message History

The jackal barely misses you.
Attack whom?
Press: ? - help, Dir - move target cursor, f/p - jackal
Aim: a jackal You closely miss the jackal.
Your kick misses the jackal. The centaur hits you.
* * * LOW HITPOINT WARNING * * *
The jackal barely misses you. The centaur barely misses you.
The jackal completely misses you.
You barely miss the centaur. The centaur hits you!
* * * LOW HITPOINT WARNING * * *
The jackal bites you but does no damage.
The centaur barely misses you.
You hit the centaur.
The centaur is lightly wounded.
The jackal closely misses you.
The centaur hits you but does no damage.
The jackal bites you.
* * * LOW HITPOINT WARNING * * *
The centaur hits you.
You die...

### .## ... ..
+## ..#.. ..#
##.#. #.# #... #
#.#.#.# .#
##.##.##.##.#
#####......c....#
#.........@#.####
#.........†h.#
#.......##.#.#
#<......##.#...
#..†........ ...
#.......##...####
#.............
###########.#


You could see a centaur and a jackal.

Vanquished Creatures
  An ogre (D:4)
  An orc wizard (D:3)
  An iguana (D:3)
  4 adders
  2 oozes
  2 worms
  2 dart slugs (D:1)
  2 leopard geckos
  4 orcs (D:3)
  4 giant cockroaches (D:1)
  12 goblins
  10 hobgoblins
  3 jackals (D:4)
  7 kobolds
  2 quokkas (D:2)
  3 ball pythons (D:3)
  7 bats
  2 frilled lizards
  8 rats
77 creatures vanquished.

Notes
Turn   | Place    | Note
-------+----------+-------------------------------------------
     0 | D:1      | d3adstar the Centaur Gladiator began the quest for the Orb.
     0 | D:1      | Reached XP level 1. HP: 17/17 MP: 1/1
   206 | D:1      | Reached skill level 3 in Polearms
   206 | D:1      | Reached XP level 2. HP: 23/24 MP: 2/2
   455 | D:1      | Gained mutation: Scrolls take you a little longer to read.
                  | [potion of mutation]
   455 | D:1      | Gained mutation: Your body sometimes deteriorates upon
                  | taking damage. [potion of mutation]
   455 | D:1      | Gained mutation: You are weak. (Str -2) [potion of
                  | mutation]
   455 | D:1      | Gained mutation: You are partially covered in slimy green
                  | scales. (AC +2) [potion of mutation]
   653 | D:1      | Reached XP level 3. HP: 29/29 MP: 3/3
  1043 | D:2      | Found a faded altar of an unknown god.
  1938 | D:2      | Reached XP level 4. HP: 33/36 MP: 4/4
  2224 | D:3      | Found a white marble altar of Elyvilon.
  2522 | D:3      | Found an ancient bone altar of Kikubaaqudgha.
  2550 | D:3      | Reached skill level 4 in Polearms
  2550 | D:3      | Reached XP level 5. HP: 20/42 MP: 5/5
  2593 | D:3      | Found a radiant altar of Vehumet.
  2610 | D:3      | Reached skill level 1 in Armour
  2799 | D:3      | Became a worshipper of Vehumet
  2813 | D:4      | Noticed an ogre
  2820 | D:4      | Killed an ogre
  2820 | D:4      | Reached skill level 1 in Stealth
  2820 | D:4      | Reached XP level 6. HP: 15/50 MP: 6/6
  2847 | D:4      | Slain by a centaur

Skill      XL: |  1  2  3  4  5 |
---------------+----------------+-----
Polearms       | 3 4 |  4.4
Armour         | 1 |  1.3
Stealth        | 1 |  1.0
Fighting       | |  2.8
Throwing       | |  2.6
Dodging        | |  2.9

Action                   |  1- 3 |  4- 6 || total
-------------------------+-------+-------++-------
Melee: Trident           |    82 |    89 ||   171
       Kick              |    12 |    19 ||    31
       Halberd           |       |    13 ||    13
Throw: Javelin           |    16 |       ||    16
       Throwing net      |     1 |       ||     1
       Tomahawk          |     2 |       ||     2
Evoke: Wand              |       |     1 ||     1
  Use: Scroll            |     5 |     6 ||    11
       Potion            |     3 |     2 ||     5
  Eat: Ration            |     1 |       ||     1
Armor: Leather armour    |    11 |       ||    11
       Ring mail         |    12 |    53 ||    65
Dodge: Dodged            |    36 |    61 ||    97
